 Dungeon Crawl Stone Soup version 0.24.0-125-gc4c63601f3 (webtiles) character file.

Game seed: 7065849166520677488, levelgen mode: deterministic

284 Frank2 the Cudgeler (level 6, -5/46 HPs)
             Began as a Demonspawn Gladiator on Mar 7, 2020.
             Splashed by Eustachio the acid dragon's acid (11 damage)
             ... on level 4 of the Dungeon.
             The game lasted 00:04:51 (2951 turns).

Frank2 the Cudgeler (Demonspawn Gladiator)          Turns: 2951, Time: 00:04:53

Health: -5/46      AC:  0    Str: 20    XL:     6   Next: 7%
Magic:  0/6        EV: 16    Int:  9    God:
Gold:   157        SH:  0    Dex: 16    Spells: 5/5 levels left

rFire    . . .     SeeInvis .   (weapon currently unavailable)
rCold    . . .     Gourm    .   (shield currently unavailable)
rNeg     . . .     Faith    .   (armour currently unavailable)
rPois    .         Spirit   +   (helmet currently unavailable)
rElec    .         Reflect  .   (cloak currently unavailable)
rCorr    .         Harm     .   (gloves currently unavailable)
MR       .....                  (boots currently unavailable)
Stlth    +.........             (no amulet)
HPRegen  0.15/turn              (ring currently unavailable)
MPRegen  0.10/turn              (ring currently unavailable)

@: mighty, pig-form, very slightly contaminated, invisible, very quick
A: small, magic shield, flame cloud immunity
a: no special abilities


You were on level 4 of the Dungeon.
You were hungry.
You were a filthy swine.
You visited 1 branch of the dungeon, and saw 4 of its levels.

You collected 157 gold pieces.

Inventory:

Hand Weapons
 a - a +0 flail (melded)
Armour
 c - a +1 helmet (melded)
 l - a +0 pair of boots (melded)
 m - a +0 ring mail (melded)
Jewellery
 s - an uncursed ring of ice
Wands
 i - a wand of random effects (13)
Scrolls
 b - 2 scrolls of remove curse
 e - 5 scrolls of teleportation
Potions
 h - a potion of invisibility
 j - 2 potions of curing
 o - 2 potions of lignification
Comestibles
 f - 5 rations


   Skills:
 + Level 2.9 Fighting
 + Level 4.6 Maces & Flails
 - Level 1.7 Throwing
 + Level 2.1 Armour
 + Level 3.7 Dodging


You had 5 spell levels left.
You didn't know any spells.
Your spell library was empty.

Dungeon Overview and Level Annotations

Branches:
Dungeon (4/15)
 Temple: D:4-7

Altars:
Kikubaaqudgha
Sif Muna
Vehumet
Wu Jian

Annotations:
D:4 Edmund, Eustachio


Innate Abilities, Weirdness & Mutations

((Your flesh is heat resistant. (rF+)))
When hurt, damage is shared between your health and your magic reserves.
You are immune to clouds of flame.


Message History

Edmund is severely wounded.
Eustachio misses you. Eustachio closely misses you.
You closely miss Edmund.
Edmund is severely wounded.
Edmund closely misses you. Eustachio misses you. Eustachio closely misses you.
You catch the helpless Edmund completely off-guard!
You hit Edmund.
Edmund is almost dead.
Edmund zaps a wand.
You hit Edmund.
Edmund is almost dead.
Eustachio misses you. x2; Edmund closely misses you.
You strike the helpless Edmund from behind!
You hit Edmund.
Edmund is almost dead.
Eustachio spits acid at you. The splash of acid hits you!
* * * LOW HITPOINT WARNING * * *
You are splashed with acid!
You die...

#..[# ....... ...#.#
....... .....# .......
.....## ......@ #.....##
....... ##.......
....... ##....#### ##
.......##@h......####.
......)..)#D.........##
#.......##............##
#......###55...........#
###.>.# #.............#
#..## #.......<.....##
...# ##.............#
#.. ##............# #.
##<..........#


You could see Edmund, Eustachio the acid dragon and a shadow imp.

Vanquished Creatures
  A sky beast (D:2)
  An orc wizard (D:3)
  4 gnolls
  4 adders
  6 worms
  7 orcs (D:3)
  A giant cockroach (D:1)
  7 hobgoblins
  8 jackals
  A quokka (D:3)
  4 bats (D:3)
  4 frilled lizards
  5 goblins
  14 kobolds
  3 rats
70 creatures vanquished.

Notes
Turn   | Place    | Note
-------+----------+-------------------------------------------
     0 | D:1      | Frank2 the Demonspawn Gladiator began the quest for the
                  | Orb.
     0 | D:1      | Reached XP level 1. HP: 16/16 MP: 1/1
   111 | D:1      | Reached skill level 3 in Maces & Flails
   290 | D:1      | Gained mutation: When hurt, damage is shared between your
                  | health and your magic reserves. [demonic ancestry]
   290 | D:1      | Reached XP level 2. HP: 19/22 MP: 2/2
   800 | D:2      | Gained mutation: Your flesh is heat resistant. (rF+)
                  | [demonic ancestry]
   800 | D:2      | Reached XP level 3. HP: 7/27 MP: 1/3
  1212 | D:2      | Found a shimmering blue altar of Sif Muna.
  1287 | D:2      | Reached skill level 1 in Armour
  1500 | D:2      | Reached XP level 4. HP: 26/34 MP: 4/4
  1698 | D:3      | Noticed a sky beast
  1718 | D:2      | Killed a sky beast
  1718 | D:2      | Reached skill level 4 in Maces & Flails
  1718 | D:2      | Gained mutation: You are immune to clouds of flame.
                  | [demonic ancestry]
  1718 | D:2      | Reached XP level 5. HP: 12/39 MP: 3/5
  2090 | D:3      | Found a radiant altar of Vehumet.
  2150 | D:3      | Found an ornate altar of the Wu Jian Council.
  2195 | D:3      | Found an ancient bone altar of Kikubaaqudgha.
  2742 | D:3      | Reached XP level 6. HP: 40/46 MP: 6/6
  2923 | D:4      | Noticed Eustachio
  2925 | D:4      | Noticed Edmund
  2933 | D:4      | Noticed Eustachio
  2933 | D:4      | Eustachio changed into Eustachio the acid dragon
  2951 | D:4      | Splashed by Eustachio the acid dragon's acid

Levels and vault maps discovered:
D:1:      minmay_arrival_four_circles, layout_basic, item_on_display_a
D:2:      layout_loops_ring, lemuel_blue_sif_altar
D:3:      layout_loops_ring, lemuel_crystal_altar,
          nicolae_overflow_crystal_walls, lemuel_round_altar, first_ration
D:4:      layout_cave_pods, kennysheep_slug_shrine, dancing_weapons_uskayaw,
          serial_shops, nicolae_shop_behind_doors, nicolae_ossuary_entry_giza,
          cheibrodos_sewer_entry_bend, uniq_eustachio, uniq_edmund

Skill      XL: |  1  2  3  4  5 |
---------------+----------------+-----
Maces & Flails | 3 4 |  4.6
Dodging        | 3 |  3.7
Armour         | 1 2 |  2.1
Fighting       | |  2.9
Throwing       | |  1.7

Action                   |  1- 3 |  4- 6 || total
-------------------------+-------+-------++-------
Melee: Flail             |   130 |   136 ||   266
       Unarmed           |       |    12 ||    12
Throw: Throwing net      |       |     5 ||     5
  Use: Scroll            |       |    11 ||    11
       Potion            |       |     2 ||     2
 Stab: Sleeping          |     1 |       ||     1
       Held in net/web   |       |     1 ||     1
       Invisible         |       |     3 ||     3
  Eat: Ration            |       |     1 ||     1
       Chunk             |       |     3 ||     3
Armor: Leather armour    |    29 |    20 ||    49
       Ring mail         |       |    47 ||    47
Dodge: Dodged            |   121 |   158 ||   279
